 Dungeon Crawl Stone Soup version 0.14-a0-1168-gf5005bf (webtiles) character file.

111 PolkaDot the Gusty (level 3, 0/24 HPs)
             Began as a Vampire Air Elementalist on Nov 29, 2013.
             Killed themself with a bounced zap (2 damage)
             ... on Level 2 of the Dungeon.
             The game lasted 00:04:47 (1114 turns).

PolkaDot the Gusty (Vampire Air Elementalist)       Turns: 1114, Time: 00:04:47

HP   0/24        AC  2     Str  7      XL: 3   Next: 75%
MP   1/6         EV 12     Int 18      God:
Gold 53          SH  0     Dex 14      Spells:  1 memorised,  3 levels left

rFire  . . .     SeeInvis +     d - +0,+1 dwarf short sword
rCold  . . .     Clarity  .     a - +0 robe
rNeg   . . .     Conserve .     (no shield)
rPois  .         rCorr    .     (no helmet)
rElec  .         rRot     .     (no cloak)
SustAb . .       Spirit   .     (no gloves)
rMut   .         Warding  .     (no boots)
Saprov . . .     Stasis   .     (no amulet)
                                (no ring)
                                k - ring of flight

@: regenerating quickly, very slightly contaminated, slightly resistant to
hostile enchantments, stealthy
A: fangs 3, see invisible, unbreathing
a: Evoke Flight


You were on level 2 of the Dungeon.
You were very full.

You visited 1 branch of the dungeon, and saw 2 of its levels.

You collected 53 gold pieces.

Inventory:

Hand weapons
 d - a +0,+1 dwarven short sword (weapon)
Armour
 a - a +0 robe (worn)
Scrolls
 e - a scroll of random uselessness {unknown}
 f - a scroll of remove curse {unknown}
 j - a scroll of identify {unknown}
Jewellery
 k - a ring of flight (left hand)
Potions
 c - a potion of blood
 g - a potion of might {unknown}
 h - a potion of heal wounds {unknown}
 i - a potion of invisibility {unknown}
Books
 b - a book of Air

   Spells                             Type                      Level
   *Shock                             Conjuration/Air              1
   Swiftness                          Charms/Air                   2
   Repel Missiles                     Charms/Air                   2
   Flight                             Charms/Air                   3
   Static Discharge                   Conjuration/Air              3
   Lightning Bolt                     Conjuration/Air              5


   Skills:
 + Level 1.4 Short Blades
 - Level 2.1 Dodging
 - Level 3.0 Stealth
 - Level 1.0 Spellcasting
 * Level 1.6 Conjurations
 * Level 3.8 Air Magic


You had 3 spell levels left.
You knew the following spells:

 Your Spells              Type           Power        Failure   Level  Hunger
a - Shock                 Conj/Air       ##..         10%         1    ##.....


Dungeon Overview and Level Annotations

Branches:
Dungeon (2/16)

Altars:


Innate Abilities, Weirdness & Mutations

Your natural rate of healing is unusually fast.
You have razor-sharp teeth.*
You have supernaturally acute eyesight.
You can survive without breathing.*


Message History

Aiming: Shock
Press: ? - help, Shift-Dir - straight line, f/p - gnoll
Aim: a gnoll, wielding a flail (heavily wounded) That beam is likely to hit you.
Continue anyway?
The zap hits the gnoll.
The gnoll is almost dead.
The zap hits the gnoll.
The gnoll is almost dead.
The zap misses you. The gnoll hits you with a flail!
* * * LOW HITPOINT WARNING * * *
Casting: Shock
Confirm with . or Enter, or press ? or * to list all spells.
Aiming: Shock
Press: ? - help, Shift-Dir - straight line, f/p - gnoll
Aim: a gnoll, wielding a flail (almost dead) That beam is likely to hit you.
Continue anyway?
The zap hits the gnoll.
You kill the gnoll!
The zap hits you!
You die...

####.## ##...## #. ......#
##.....## ####).#
##.......## #..#
#.........#
#..#######.......##
#(......###.....#######
##.####.# #...........# #
#.# #.###.#.#######.# ##..
#.# #.#....@)..# #<# ....
#.# #.#.#.#.##.# #.# !....
#.#
#.#.#.#.##.####.###.....
#.#
#............g..........
#.# ###.#..........).....#.
#...........###.####.##w###
#######.#.## #.# #.# .#
#.#.# #.# #.# .. #.#.# #.#
#.# ..!


There were no monsters in sight!

Vanquished Creatures
  2 gnolls (D:2)
  A worm (D:2)
  A giant gecko (D:2)
  A giant cockroach (D:1)
  5 goblins
  8 hobgoblins
  2 giant newts (D:1)
  4 jackals
  2 kobolds
  6 rats
32 creatures vanquished.

Notes
Turn   | Place    | Note
--------------------------------------------------------------
     0 | D:1      | PolkaDot, the Vampire Air Elementalist, began the quest for the Orb.
     0 | D:1      | Reached XP level 1. HP: 13/13 MP: 4/4
   155 | D:1      | Reached skill level 1 in Conjurations
   173 | D:1      | Reached XP level 2. HP: 14/19 MP: 5/5
   839 | D:2      | Reached skill level 1 in Short Blades
   839 | D:2      | Reached XP level 3. HP: 5/24 MP: 0/6
  1114 | D:2      | Killed themself with a bounced zap

Action                   || total
-------------------------++-------
Melee: Short sword       ||    80
 Cast: Shock             ||    22
 Stab: Sleeping          ||     4
